 Dungeon Crawl Stone Soup version 0.20.1-1-g8b1a95d (webtiles) character file.

13209 Ladykiller69 the Carver (level 11, -5/157 HPs)
             Began as a Minotaur Berserker on July 3, 2017.
             Was a High Priest of Trog.
             Slain by a wolf (8 damage)
             ... on level 1 of the Lair of Beasts.
             The game lasted 00:28:21 (8287 turns).

Ladykiller69 the Carver (Minotaur Berserker)        Turns: 8287, Time: 00:28:24

Health: -5/157     AC: 10    Str: 26    XL:     11   Next: 72%
Magic:  10/10      EV: 13    Int:  4    God:    Trog [*****.]
Gold:   547        SH:  0    Dex: 14    Spells: 10/10 levels left

rFire    . . .     SeeInvis .   a - +3 long sword
rCold    . . .     Gourm    .   (no shield)
rNeg     . . .     Faith    .   W - +0 steam dragon scales
rPois    .         Spirit   .   (helmet restricted)
rElec    .         Reflect  .   K - +1 cloak {MR+}
rCorr    .         Harm     .   r - +2 pair of gloves {archery}
MR       +....                  (no boots)
Stlth    ..........             (no amulet)
Regen    0.4/turn               (no ring)
MPRegen  0.2/turn               R - ring of wizardry

@: berserking (expiring), very quick
A: retaliatory headbutt, horns 2
a: Berserk, Trog's Hand, Brothers in Arms, Burn Spellbooks, Renounce Religion


You were on level 1 of the Lair of Beasts.
You worshipped Trog.
Trog was extremely pleased with you.
You were hungry.

You visited 3 branches of the dungeon, and saw 12 of its levels.
You also visited: Ossuary.

You collected 547 gold pieces.

Inventory:

Hand Weapons
 a - a +3 long sword (weapon)
 w - a +3 shortbow
Missiles
 y - 157 arrows
Armour
 r - a +2 pair of gloves of archery (worn)
 v - a +0 chain mail of cold resistance
 K - a +1 cloak of magic resistance (worn)
 W - +0 steam dragon scales (worn)
Jewellery
 b - a cursed amulet of inaccuracy {unknown}
 s - a +4 ring of dexterity
 R - a ring of wizardry (right hand)
Wands
 t - a wand of lightning (7/15)
 Q - a wand of lightning (5/15)
 Y - a wand of iceblast (5/15)
Scrolls
 f - a scroll of immolation {unknown}
 h - 2 scrolls of teleportation
 j - a scroll of magic mapping {unknown}
 l - 6 scrolls of remove curse
 m - 2 scrolls of amnesia
 n - 3 scrolls of enchant weapon
 z - 3 scrolls of fog
 F - a scroll of enchant armour {unknown}
 G - 2 scrolls of torment {unknown}
 H - a scroll of random uselessness {unknown}
 J - a scroll of summoning {unknown}
 L - 3 scrolls of recharging
 V - 5 scrolls of vulnerability
Potions
 e - 6 potions of curing
 i - 4 potions of mutation
 k - 4 potions of might
 p - 2 potions of ambrosia
 x - 2 potions of heal wounds
 A - 2 potions of agility
 B - a potion of resistance {unknown}
 D - a potion of haste {unknown}
 I - a potion of cancellation {unknown}
 M - 2 potions of flight
 O - 2 potions of invisibility
 S - a potion of berserk rage {unknown}
 Z - a potion of lignification {unknown}
Comestibles
 c - 9 bread rations
 d - 3 meat rations
 g - 9 fruits
 o - 3 royal jellies
 U - 10 chunks of flesh


   Skills:
 + Level 12.6 Fighting
 - Level 14.1 Long Blades
 * Level 11.0 Bows
 - Level 3.0 Armour
 - Level 3.1 Dodging


You had 10 spell levels left.
You didn't know any spells.

Dungeon Overview and Level Annotations

Branches:
Dungeon (10/15)            Temple (1/1) D:6            Lair (1/6) D:10
    Orc: D:9-12

Altars:
Ashenzari
Cheibriados
Dithmenos
Elyvilon
Fedhas
Gozag
Kikubaaqudgha
Makhleb
Nemelex Xobeh
Okawaru
Qazlal
Ru
Sif Muna
Trog
Uskayaw
Vehumet
Xom
Yredelemnul
Zin
The Shining One

Shops:
D:4 *   D:8 [


Innate Abilities, Weirdness & Mutations

You reflexively headbutt those who attack you in melee.
You have a pair of horns on your head.


Message History

You hit the wolf but do no damage. You headbutt the wolf.
You kill the wolf!
Trog accepts your kill. The wolf misses you. The wolf completely misses you.
You riposte.
You miss the wolf. The wolf closely misses you. You furiously retaliate!
You headbutt the wolf!
You riposte.
You slash the wolf!
You feel the power of Trog in you as your rage grows.
You kill the wolf!
Trog accepts your kill.
Your Bows skill increases to level 11!
The wolf bites you.
* * * LOW HITPOINT WARNING * * *
You barely miss the wolf. You headbutt the wolf!
The wolf is moderately wounded.
The wolf bites you.
* * * LOW HITPOINT WARNING * * *
The wolf bites you.
* * * LOW HITPOINT WARNING * * *
The wolf bites you!
You die...

.........$##
...........##
......../...
..♣........#
............##
..#...t......#
#....ihhh...#
#....†@h.# #.....†..#
##........#
#.........#
##........#
####.....# #.....# ..
####### #.....##...
###.....####.....#..#


You could see a spriggan rider, a crocodile and 4 wolves.

Vanquished Creatures
  3 two-headed ogres
  The ghost of polve the Cleaver, a novice DsFi of Uskayaw (D:7)
  The ghost of Quirk the Skirmisher, a novice GrCK of Xom (D:6)
  A hornet (D:9)
  3 hippogriffs
  A wraith (D:10)
  9 yaks
  A wyvern (D:8)
  A steam dragon (D:9)
  A hungry ghost (D:9)
  Grum (D:9)
  Edmund (D:4)
  3 porcupines
  An orc warrior (D:10)
  3 sky beasts
  4 necrophages (D:10)
  4 ice beasts
  2 black bears
  5 ogres
  The ghost of Quirk the Chopper, an amateur DsGl (D:3)
  18 wolves
  5 centaurs
  6 bullfrogs
  A wyvern skeleton (D:10)
  5 scorpions
  14 killer bees
  A wight (D:10)
  3 howler monkeys (D:9)
  A crimson imp (D:5)
  6 centaur zombies
  3 bullfrog zombies
  3 hounds
  Crazy Yiuf (D:6)
  4 orc priests (D:6)
  A bullfrog skeleton (D:6)
  2 centaur skeletons
  3 iguanas
  8 orc wizards
  7 worker ants
  A hound zombie (D:6)
  A hound skeleton (D:6)
  16 mummies
  4 gnolls (D:10)
  17 adders
  5 shadow imps
  An ooze (D:1)
  3 adder zombies
  2 adder skeletons
  2 dart slugs
  5 worms
  12 leopard geckos
  28 orcs
  A ball python (D:2)
  5 bats
  4 giant cockroaches
  11 goblins
  6 hobgoblins
  14 jackals
  6 quokkas
  3 frilled lizards
  A gnoll skeleton (Ossuary)
  3 goblin skeletons (Ossuary)
  2 jackal skeletons (D:4)
  6 kobolds
  A kobold skeleton (Ossuary)
  A leopard gecko skeleton (D:4)
  3 orc skeletons (Ossuary)
  A quokka zombie (D:5)
  5 rats
  11 rat skeletons (Ossuary)
320 creatures vanquished.

Vanquished Creatures (others)
  9 fungi (D:10)
  3 plants (D:10)
  A withered plant (D:10)
13 creatures vanquished.

Grand Total: 333 creatures vanquished

Notes
Turn   | Place    | Note
-------+----------+-------------------------------------------
     0 | D:1      | Ladykiller69 the Minotaur Berserker began the quest for the Orb.
     0 | D:1      | Reached XP level 1. HP: 19/19 MP: 0/0
   112 | D:1      | Reached XP level 2. HP: 13/27 MP: 1/1
   310 | D:1      | Reached skill level 4 in Long Blades
   453 | D:1      | Reached XP level 3. HP: 27/33 MP: 2/2
   539 | D:2      | Reached ** piety under Trog
   973 | D:2      | Reached XP level 4. HP: 37/40 MP: 3/3
  1163 | D:2      | Reached skill level 5 in Long Blades
  1222 | D:3      | Noticed Quirk's ghost (amateur DsGl)
  1242 | D:3      | Noticed an ogre
  1255 | D:3      | Killed an ogre
  1255 | D:3      | Reached XP level 5. HP: 45/47 MP: 4/4
  1259 | D:3      | Reached skill level 5 in Fighting
  1259 | D:3      | Reached skill level 6 in Long Blades
  1261 | D:3      | Killed Quirk's ghost
  1261 | D:3      | Reached XP level 6. HP: 55/56 MP: 5/5
  1327 | D:3      | Found a shadowy altar of Dithmenos.
  1385 | D:3      | Reached *** piety under Trog
  1702 | D:4      | Noticed Edmund
  1709 | D:4      | Killed Edmund
  1709 | D:4      | Reached skill level 7 in Long Blades
  1949 | D:4      | Reached XP level 7. HP: 61/63 MP: 6/6
  1953 | D:4      | Found Qapluarr's Assorted Antiques.
  2745 | D:5      | Entered Level 5 of the Dungeon
  2816 | D:5      | You fall through a shaft for 3 floors!
  2853 | D:7      | Reached skill level 8 in Long Blades
  2911 | D:6      | Noticed Quirk's ghost (novice GrCK)
  2920 | D:6      | Reached **** piety under Trog
  2930 | D:6      | Received a gift from Trog
  3112 | D:6      | Reached skill level 9 in Long Blades
  3165 | D:6      | Reached XP level 8. HP: 58/73 MP: 7/7
  3185 | D:6      | Found a sand-covered staircase.
  3254 | Ossuary  | Entered an ossuary
  3362 | Ossuary  | Reached skill level 10 in Long Blades
  3464 | Ossuary  | Reached ***** piety under Trog
  3730 | D:6      | Killed Quirk's ghost
  3730 | D:6      | Reached skill level 11 in Long Blades
  3777 | D:6      | Found a staircase to the Ecumenical Temple.
  4012 | Temple   | Entered the Ecumenical Temple
  4135 | D:6      | Found a runed door.
  4139 | D:6      | Noticed Crazy Yiuf
  4145 | D:6      | Killed Crazy Yiuf
  4272 | D:5      | Reached XP level 9. HP: 81/82 MP: 8/8
  4574 | D:5      | Reached skill level 12 in Long Blades
  4574 | D:5      | Reached skill level 1 in Bows
  4980 | D:7      | Found a glowing silver altar of Zin.
  4983 | D:7      | Noticed polve's ghost (novice DsFi)
  4997 | D:7      | Killed polve's ghost
  5240 | D:7      | Received a gift from Trog
  5240 | D:7      | Reached skill level 13 in Long Blades
  5283 | D:7      | Reached skill level 10 in Fighting
  5300 | D:7      | Found a basalt altar of Yredelemnul.
  5303 | D:7      | Found a snail-covered altar of Cheibriados.
  5306 | D:7      | Found a white marble altar of Elyvilon.
  5628 | D:8      | Reached XP level 10. HP: 93/93 MP: 9/9
  5708 | D:8      | Found Jekle's Armour Shop.
  5865 | D:8      | Noticed a two-headed ogre
  5873 | D:8      | Killed a two-headed ogre
  6143 | D:9      | Reached skill level 5 in Bows
  6184 | D:9      | Noticed Grum
  6184 | D:9      | Reached skill level 14 in Long Blades
  6201 | D:9      | Killed Grum
  6324 | D:9      | Noticed a two-headed ogre
  6334 | D:9      | Killed a two-headed ogre
  6998 | D:10     | Entered Level 10 of the Dungeon
  7100 | D:10     | Reached XP level 11. HP: 102/102 MP: 10/10
  7336 | D:10     | Noticed a two-headed ogre
  7349 | D:10     | Killed a two-headed ogre
  7407 | D:10     | Received a gift from Trog
  7845 | D:10     | Received a gift from Trog
  7937 | D:10     | Found a staircase to the Lair.
  7995 | Lair:1   | Entered Level 1 of the Lair of Beasts
  8017 | Lair:1   | Reached skill level 10 in Bows
  8268 | Lair:1   | Noticed a spriggan rider
  8287 | Lair:1   | HP: 5/157 [wolf (5)]
  8287 | Lair:1   | Slain by a wolf

Skill      XL: |  1  2  3  4  5  6  7  8  9 10 11 |
---------------+----------------------------------+-----
Long Blades    | 4 5 6 7 9 11 13 14 | 14.1
Fighting       | 4 5 6 7 8 10 11 12 | 12.6
Armour         | 3 |  3.0
Dodging        | 3 |  3.1
Bows           | 4 7 11 | 11.0

Action                   |  1- 3 |  4- 6 |  7- 9 | 10-12 || total
-------------------------+-------+-------+-------+-------++-------
Melee: Falchion          |    73 |    81 |   333 |   149 ||   636
       Headbutt          |    10 |    21 |    93 |    78 ||   202
       Long sword        |       |       |       |    91 ||    91
 Fire: Shortbow          |       |       |    67 |   126 ||   193
Invok: Berserk           |       |     2 |     6 |     7 ||    15
  Use: Scroll            |       |     3 |     2 |    13 ||    18
  Eat: Chunk             |       |     5 |    16 |    15 ||    36
       Royal jelly       |       |       |     1 |       ||     1
Armor: Animal skin       |    10 |     4 |       |       ||    14
       Scale mail        |       |    10 |       |       ||    10
       Chain mail        |       |     4 |   126 |    16 ||   146
       Steam dragon scal |       |       |       |    62 ||    62
Dodge: Dodged            |    57 |    43 |   134 |   150 ||   384
       Rpst.: Falchion   |    14 |    10 |    38 |    15 ||    77
       Long sword        |       |       |       |    20 ||    20
